 Dungeon Crawl Stone Soup version 0.28.0 (webtiles) character file.

Game seed: 5051992652975788240

114 Crownlay the Skirmisher (level 4, -4/37 HPs)
             Began as a Demonspawn Gladiator on Feb 12, 2022.
             Killed by divine providence
             ... invoked by an orc priest
              (11 damage)
             ... on level 3 of the Dungeon.
             The game lasted 00:02:46 (2820 turns).

Crownlay the Skirmisher (Demonspawn Gladiator)      Turns: 2820, Time: 00:02:47

Health: -4/37      AC:  7    Str: 17    XL:     4   Next: 66%
Magic:  4/4        EV: 11    Int:  9    God:
Gold:   74         SH:  0    Dex: 14    Spells: 3/3 levels left

rFire   . . .      SeeInvis .   a - +0 war axe
rCold   . . .      Faith    .   (no shield)
rNeg    . . .      Spirit   .   n - +0 ring mail
rPois   .          Reflect  .   c - +0 helmet
rElec   .          Harm     .   (no cloak)
rCorr   .          Rampage  .   m - +0 pair of gloves
Will    .....                   (no boots)
Stlth   ..........              (no amulet)
HPRegen 0.12/turn               (no ring)
MPRegen 0.09/turn               (no ring)

@: confused, ambrosia-drunk
A: large bone plates 1, demonic magic 1
a: no special abilities


You were on level 3 of the Dungeon.
You visited 1 branch of the dungeon, and saw 3 of its levels.

You collected 74 gold pieces.

Inventory:

Hand Weapons
 a - a +0 war axe (weapon)
Missiles
 b - 3 poisoned darts
 d - 3 throwing nets (quivered)
Armour
 c - a +0 helmet (worn)
 m - a +0 pair of gloves (worn)
 n - a +0 ring mail (worn)
Jewellery
 i - a ring of wizardry
Scrolls
 f - 2 scrolls of holy word {unknown}
 g - a scroll of enchant weapon {unknown}
 h - 3 scrolls of teleportation {unknown}
 j - a scroll of identify {unknown}
 p - a scroll of vulnerability {unknown}
 r - a scroll of blinking {unknown}
Potions
 e - a potion of haste {unknown}
 k - a potion of ambrosia
 l - 2 potions of attraction {unknown}
 o - a potion of degeneration {unknown}
 q - a potion of brilliance {unknown}


   Skills:
 * Level 4.2 Fighting
 + Level 3.5 Axes
 - Level 1.7 Throwing
 - Level 2.6 Dodging


You had 3 spell levels left.
You didn't know any spells.
Your spell library was empty.

Dungeon Overview and Level Annotations

Branches:
Dungeon (3/15)

Altars:

Annotations:
D:3 Terence


Innate Abilities, Weirdness & Mutations

You are partially covered in large bone plates. (SH +4)
Spells you cast may paralyse adjacent enemies.


Message History

You are too injured to fight recklessly!
You are too injured to fight recklessly!
You are too injured to fight recklessly!
You are too injured to fight recklessly!
You are too injured to fight recklessly!
You are too injured to fight recklessly!
You are too injured to fight recklessly!
You are too injured to fight recklessly!
You are too injured to fight recklessly!
You are too injured to fight recklessly!
You are too injured to fight recklessly!
You are too injured to fight recklessly!
You are too injured to fight recklessly!
You are too injured to fight recklessly!
You are too injured to fight recklessly!
You are too injured to fight recklessly!
You hit the orc.
You kill the orc!
You barely miss the orc. You closely miss the orc.
The orc hits you with a +0 falchion. The orc hits you but does no damage.
You closely miss the orc. x2; The orc closely misses you.
The orc hits you with a +0 short sword.
* * * LOW HITPOINT WARNING * * *
The orc priest calls upon Beogh to heal the orc.
The orc is healed somewhat.
Terence hits you from afar with a +0 trident.
* * * LOW HITPOINT WARNING * * *
The orc hits you with a +0 falchion.
* * * LOW HITPOINT WARNING * * *
The orc barely misses you.
Things that are here:
a +0 dagger; a +0 leather armour Terence says, "You're history."
Sorry, you're not good enough to have a special ability.
It was a potion of ambrosia.
You are confused.
You feel invigorated.
The orc priest invokes the aid of Beogh against you.
Beogh smites you!
You die...

#########
#..# #.# ##.#
#.# #.# #.#
#.###.#######
#..#...<.....
##.#.........
#...........
##.#.#######
#@#.# #o#.#
#oo.# ##l(#
..# .>.#
..... ......
#......


You could see an orc priest, 2 orcs and a frilled lizard.

Vanquished Creatures
  An orc wizard (D:3)
  2 adders (D:3)
  A dart slug (D:2)
  8 orcs (D:3)
  5 endoplasms
  A giant cockroach (D:1)
  7 goblins
  7 hobgoblins
  3 jackals (D:1)
  6 kobolds
  4 quokkas (D:2)
  4 ball pythons
  A bat (D:1)
  2 frilled lizards (D:1)
  4 rats
56 creatures vanquished.

Notes
Turn   | Place    | Note
-------+----------+-------------------------------------------
     0 | D:1      | Crownlay the Demonspawn Gladiator began the quest for the
                  | Orb.
     0 | D:1      | Reached XP level 1. HP: 16/16 MP: 1/1
   433 | D:1      | Gained mutation: You are partially covered in large bone
                  | plates. (SH +4) [demonic ancestry]
   433 | D:1      | Reached XP level 2. HP: 23/23 MP: 2/2
   481 | D:1      | Found a faded altar of an unknown god.
  1008 | D:2      | Reached skill level 3 in Fighting
  1120 | D:2      | Reached XP level 3. HP: 25/29 MP: 3/3
  2143 | D:3      | Gained mutation: Spells you cast may paralyse adjacent
                  | enemies. [demonic ancestry]
  2143 | D:3      | Reached XP level 4. HP: 36/37 MP: 4/4
  2176 | D:3      | HP: 1/37 [something (2)]
  2178 | D:3      | Reached skill level 4 in Fighting
  2811 | D:3      | Noticed Terence
  2820 | D:3      | Killed from afar by an orc priest

Illustrated notes

Levels and vault maps discovered:
D:1:      scummos_arrival_star, layout_basic, shapermc_ecumenical_altar_venn
D:2:      layout_loops_ring, minmay_tall_x
D:3:      layout_basic, chequers_temple_overflow_minitemple,
          minmay_misc_feat_doors, uniq_sigmund, uniq_grinder, uniq_ijyb,
          uniq_terence

Skill      XL: |  1  2  3  4 |
---------------+-------------+-----
Axes           | 3 |  3.5
Fighting       | 3 4 |  4.2
Throwing       | |  1.7
Dodging        | |  2.6

Action                   |  1- 3 |  4- 6 || total
-------------------------+-------+-------++-------
Melee: War axe           |   133 |    36 ||   169
       Punch             |     2 |     1 ||     3
Throw: Throwing net      |       |     1 ||     1
  Use: Potion            |       |     1 ||     1
Armor: Leather armour    |    12 |       ||    12
       Ring mail         |    30 |    15 ||    45
Dodge: Dodged            |    73 |    22 ||    95
Block: Other             |    18 |     5 ||    23
